 Dungeon Crawl Stone Soup version 0.18-a0-1805-g8ab820f (webtiles) character file.

111 Loki the Insei (level 4, -1/23 HPs)
             Began as a Vine Stalker Warper on Apr 25, 2016.
             Slain by a black bear (3 damage)
             ... on level 6 of the Dungeon.
             The game lasted 00:12:38 (1043 turns).

Loki the Insei (Vine Stalker Warper)                Turns: 1043, Time: 00:12:39

Health: -1/23      AC:  3    Str: 13    XL:     4   Next: 92%
Magic:  0/8        EV: 12    Int: 14    God:
Gold:   196        SH:  0    Dex: 14    Spells: 1 memorised, 6 levels left

rFire  . . .     SeeInvis .       - Unarmed
rCold  . . .     Gourm    .     a - +0 leather armour
rNeg   . . .     Faith    .     (no shield)
rPois  .         Spirit   +     (no helmet)
rElec  .         Dismiss  .     (no cloak)
rCorr  .         Reflect  .     (no gloves)
SustAt .         Harm     .     (no boots)
MR     .....                    (no amulet)
Stlth  +.........               (no ring)
                                (no ring)

@: not resistant to hostile enchantments, very unstealthy
A: fangs 2, regeneration 1, magic shield, antimagic bite, no device heal 3, rot
immunity
a: no special abilities


You were on level 6 of the Dungeon.
You were not hungry.

You visited 1 branch of the dungeon, and saw 6 of its levels.

You collected 196 gold pieces.

Inventory:

Missiles
 d - 5 tomahawks of dispersal (quivered)
Armour
 a - a +0 leather armour (worn)
 j - a +0 pair of boots
Jewellery
 k - an uncursed ring of protection from fire {unknown}
 r - an uncursed amulet of magic regeneration {unknown}
 s - a cursed ring of teleportation {unknown}
Scrolls
 c - a scroll of identify {unknown}
 h - 2 scrolls of remove curse
 i - a scroll of amnesia {unknown}
 n - a scroll of enchant weapon {unknown}
 p - a scroll of magic mapping {unknown}
 q - a scroll of random uselessness {unknown}
Potions
 g - a potion of resistance {unknown}
 l - a potion of cancellation
 m - a potion of lignification {unknown}
 o - a potion of mutation {unknown}
 t - a potion of heal wounds {unknown}
 u - a potion of magic {unknown}
 v - a potion of cure mutation {unknown}
Books
 b - a book of Spatial Translocations

   Spells                             Type                      Level
   a - Apportation                    Translocation                1
   b - Blink                          Translocation                2
   c - Shroud of Golubria             Charms/Translocation         2
   d - Portal Projectile              Translocation                3
   e - Teleport Other                 Translocation                3
   f - Passage of Golubria            Translocation                4
 e - a book of Clouds

   Spells                             Type                      Level
   a - Mephitic Cloud                 Conjuration/Poison/Air       3
   b - Conjure Flame                  Conjuration/Fire             3
   c - Poisonous Cloud                Conjuration/Poison/Air       6
   d - Freezing Cloud                 Conjuration/Ice/Air          6
   e - Ring of Flames                 Charms/Fire                  7
Comestibles
 f - 4 bread rations
 w - a meat ration


   Skills:
 - Level 1.7 Fighting
 - Level 0.8 Throwing
 - Level 0.7 Armour
 + Level 1.7 Dodging
 * Level 4.0 Unarmed Combat
 + Level 2.1 Spellcasting
 - Level 4.0 Translocations


You had 6 spell levels left.
You knew the following spells:

 Your Spells              Type           Power        Failure   Level  Hunger
a - Apportation           Tloc           ##........   8%          1    #......


Dungeon Overview and Level Annotations

Branches:
Dungeon (6/15)
 Temple: D:4-7

Altars:
Ru
Vehumet

Shops:
D:6 [

Annotations:
D:5 Edmund


Innate Abilities, Weirdness & Mutations

You have extremely sharp teeth.
Your natural rate of healing is unusually fast.
When hurt, damage is shared between your health and your magic reserves.
Your bite disrupts and absorbs the magic of your enemies.
Potions and wands cannot restore your health.
You are immune to rotting.


Message History

The black bear is moderately wounded.
The black bear barely misses you. The black bear claws you. x2
You hit the black bear.
The black bear is heavily wounded.
The black bear bites you but does no damage.
The black bear closely misses you. The black bear claws you.
You hit the black bear.
The black bear is heavily wounded.
The black bear misses you. The black bear claws you. x2
* * * LOW HITPOINT WARNING * * *
You hit the black bear. Your punch misses the black bear.
The black bear is severely wounded.
The black bear bites you.
* * * LOW HITPOINT WARNING * * *
The black bear closely misses you. x2
You hit the black bear but do no damage.
Your bite misses the black bear.
The black bear is severely wounded.
The black bear bites you.
You die...

###########
#.........###
#.........#..
####.........#.#.#######
.......@.....#.# ....#..
#####+##h#####.####....#
#Z............#.#
#............#.##.#...
#........#.###.##..)..
#.?........#...###....
[.....................
#.....................
#.............#####...


You could see a black bear and a quokka skeleton.

Vanquished Creatures
  A centaur zombie (D:4)
  A hound (D:3)
  2 adders (D:3)
  A shadow imp (D:6)
  A worm (D:2)
  A giant cockroach (D:2)
  4 hobgoblins
  3 jackals (D:2)
  A goblin (D:2)
  A jackal skeleton (D:6)
  A kobold (D:4)
  8 rats
25 creatures vanquished.

Notes
Turn   | Place    | Note
--------------------------------------------------------------
     0 | D:1      | Loki the Vine Stalker Warper began the quest for the Orb.
     0 | D:1      | Reached XP level 1. HP: 11/11 MP: 4/4
    82 | D:2      | Reached XP level 2. HP: 2/15 MP: 4/6
   358 | D:2      | Found a sacrificial altar of Ru.
   491 | D:3      | Reached XP level 3. HP: 4/18 MP: 7/7
   710 | D:3      | Found a radiant altar of Vehumet.
   789 | D:3      | Reached XP level 4. HP: 5/23 MP: 3/8
   801 | D:4      | Noticed an ogre
   816 | D:4      | Noticed an ogre
   882 | D:5      | Entered Level 5 of the Dungeon
   882 | D:5      | Noticed Edmund
   968 | D:6      | Found Ciywkun's Antique Armour Emporium.
  1015 | D:6      | Noticed a black bear
  1022 | D:6      | Noticed a centaur
  1043 | D:6      | Slain by a black bear

Vault maps used:
D:1:      dpeg_arrival_ratfight
D:2:      nicolae_ru_awakened_eye
D:3:      lemuel_coloured_pillars_altar
D:4:      first_bread, hex_intersection
D:5:      cheibriados_altar_1, uniq_blork_the_orc, uniq_edmund,
          uniq_crazy_yiuf_cottage, uniq_pikel
D:6:      basic_altar, serial_shops, shop, uniq_duvessa, uniq_menkaure

Skill      XL: |  1  2  3  4 |
---------------+-------------+-----
Unarmed Combat | 3 4 |  4.0
Translocations | 4 |  4.0
Fighting       | |  1.7
Throwing       | |  0.8
Armour         | |  0.7
Dodging        | |  1.7
Spellcasting   | |  2.1

Action                   |  1- 3 |  4- 6 || total
-------------------------+-------+-------++-------
Melee: Unarmed           |   123 |    24 ||   147
       Bite              |    31 |     8 ||    39
       Punch             |       |     1 ||     1
 Cast: Apportation       |    17 |    12 ||    29
  Use: Scroll            |     1 |     1 ||     2
       Potion            |     2 |       ||     2
  Eat: Pizza             |     1 |     1 ||     2
Armor: Leather armour    |    68 |     8 ||    76
Dodge: Dodged            |   113 |    23 ||   136
